 Dungeon Crawl Stone Soup version 0.31-a0-806-g0bc164a743 (webtiles) character file.

Game seed: 3619802700344766272

42 Bravepunisher the Ducker (level 3, -3/20 HPs)
             Began as a Spriggan Monk on Sept 20, 2023.
             Shot with an arrow by a centaur (9 damage)
             ... on level 6 of the Dungeon.
             The game lasted 00:04:40 (1007 turns).

Bravepunisher the Ducker (Spriggan Monk)            Turns: 1007, Time: 00:04:40

Health: -3/20      AC:  2    Str:  7    XL:     3   Next: 35%
Magic:  4/4        EV: 19    Int: 11    God:
Gold:   62         SH:  0    Dex: 19    Spells: 2/2 levels left

rFire   . . .        a - +0 short sword
rCold   . . .        d - orb {light}
rNeg    . . .        b - +0 robe
rPois   .            (helmet restricted)
rElec   .            (no cloak)
rCorr   .            (gloves unavailable)
SInv    +            (boots unavailable)
Will    .....        (no amulet)
Stlth   +            (no ring)
HPRegen 0.23/turn    (no ring)
MPRegen 0.09/turn

%: no passive effects
@: glowing, very quick
A: very small, no large weapons, unfitting armour, see invisible, speed 3
a: no special abilities


You were on level 6 of the Dungeon.
You visited 1 branch of the dungeon, and saw 8 of its levels.

You collected 62 gold pieces.

Inventory:

Hand Weapons
 a - a +0 short sword (weapon)
Armour
 b - a +0 robe (worn)
 d - an orb of light (worn)
Scrolls
 e - a scroll of poison {unknown}
 g - a scroll of amnesia {unknown}
 h - a scroll of enchant armour {unknown}
 j - a scroll of identify {unknown}
Potions
 c - a potion of ambrosia
 f - 2 potions of mutation {unknown}
 i - a potion of attraction {unknown}


   Skills:
 * Level 3.3 Fighting
 - Level 3.2 Short Blades
 + Level 4.7 Dodging


You had 2 spell levels left.
You didn't know any spells.
Your spell library contained the following spells:

 Spells                   Type           Power      Damage    Failure   Level
 Dazzling Flash           Conj/Hex       0%         N/A       71%         3
 Agony                    Necr           0%         N/A       100%        5
 Silence                  Hex/Air        0%         N/A       100%        5


Dungeon Overview and Level Annotations

Branches:
Dungeon (8/15)
 Temple: D:4-7         Lair: D:8-11

Altars:
Ashenzari
Trog
Yredelemnul

Shops:
D:4 =(?*

Annotations:
D:5 Ijyb
D:6 Jeremiah, Sigmund


Innate Abilities, Weirdness & Mutations

You are very small and have problems with some larger weapons.
You are too small for most types of armour.
You have supernaturally acute eyesight. (SInv)
You cover ground extremely quickly. (Speed+++)


Message History

An iguana comes into view.
A hound comes into view.
The hound barks!
The hound attacks as it pursues you! The hound barely misses you.
Found a glowing inky potion.
The hound pauses to sniff the ground.
Found a flux talisman.
The hound closely misses you. The hound misses you.
A bullfrog comes into view.
The hound stops to sniff the ground.
A gnoll bouda comes into view. It is wielding a +0 whip.
The gnoll bouda shouts!
The hound attacks as it pursues you! The hound completely misses you.
A centaur comes into view.
Found a stone staircase leading down.
A hound comes into view.
The bullfrog hits you.
Jeremiah, Barachi Dreamer comes into view.
They are wielding a +4 trident of draining, wearing an orb of guile and carrying a wand of roots.
A centaur comes into view.
Jeremiah shouts!
The hound barks!
The centaur wields a +0 shortbow.
The centaur shoots an arrow.
The arrow hits you.
The centaur shoots an arrow.
The arrow barely misses you. The bullfrog attacks as it pursues you!
The bullfrog completely misses you. The hound bites you.
The centaur unwields a +0 shortbow.
The centaur closely misses you. The centaur completely misses you.
The hound bites you but does no damage. The centaur misses you.
The centaur closely misses you. The hound attacks as it pursues you!
The hound bites you.
The centaur wields a +0 shortbow.
The centaur shoots an arrow.
The arrow hits you.
* * * LOW HITPOINT WARNING * * *
The gnoll bouda gazes fiercely through you!
You feel your attacks grow feeble. The hound attacks as it pursues you!
The hound closely misses you.
Found 2 gold pieces.
Your attacks no longer feel as feeble.
Sigmund shouts!
The centaur shoots an arrow.
The arrow hits you!
You die...

.).. #.# ##.####.............(..
.... #.# .#...###c.........#.....
.....#.##.#......hc.......#......
.....#.##.#...###.........#......
..$..#.##.#...# #....?....#../.##
...?.##.#..h###..........%.##
...##.......................#
......>.#.#####............#
..........## #.@........###
....##.##s.## #..........########
... #.##...###..................
.. #.##.#..........###..####### .
#....s...#......###.........
#####.##@#.........<###..... .
#.##........##### ##### @.
#.####...#..## ...
######.####........#


You could see Sigmund, 2 centaurs and 2 hounds.

Vanquished Creatures
  3 adders
  2 ball pythons
  An endoplasm (D:1)
  2 giant cockroaches
  A goblin (D:4)
  2 hobgoblins (D:4)
  2 kobolds (D:4)
  A quokka (D:1)
  A rat (D:1)
15 creatures vanquished.

Notes
Turn   | Place    | Note
-------+----------+-------------------------------------------
     0 | D:1      | Bravepunisher the Spriggan Monk began the quest for the
                  | Orb.
     0 | D:1      | Reached XP level 1. HP: 11/11 MP: 2/2
   219 | D:3      | Reached XP level 2. HP: 7/16 MP: 3/3
   290 | D:4      | Found Jeprub's Magic Scroll Boutique.
   303 | D:4      | Found Xuola's Weapon Shoppe.
   335 | D:5      | Entered Level 5 of the Dungeon
   384 | D:4      | Reached XP level 3. HP: 12/20 MP: 4/4
   422 | D:4      | Found Beuvant's General Store.
   533 | D:4      | Found a broken altar of Ashenzari.
   630 | D:4      | Found Kaunykhe's Jewellery Emporium.
   678 | D:5      | Found a bloodstained altar of Trog.
   683 | D:5      | Found a basalt altar of Yredelemnul.
   690 | D:5      | Noticed Ijyb
   727 | D:6      | Noticed a scorpion
   746 | D:6      | Noticed Sigmund
   763 | D:7      | Noticed a bullfrog
   763 | D:7      | Noticed a scorpion
   936 | D:6      | Noticed a phantom
   982 | D:6      | Noticed a bullfrog
   984 | D:6      | Noticed a centaur
   985 | D:6      | Noticed Jeremiah
   986 | D:6      | Noticed a centaur
  1007 | D:6      | Shot with an arrow by a centaur

Illustrated notes

Levels and vault maps discovered:
D:1:      tekkud_arrival_beachfront_property, layout_rooms, grunt_decor_clamped
D:2:      layout_loops_ring, shapermc_ecumenical_altar_venn
D:3:      minmay_roachtagon, layout_basic, mainiacjoe_overflow_chevrons,
          st_stairs_6
D:4:      layout_rooms, mainiacjoe_overflow_paths, serial_shops,
          nicolae_shop_tiny_glass, nicolae_shop_rolling_square,
          nicolae_shop_tiny_waterfront, nicolae_stop_n_shop_1,
          hangedman_decor_growths
D:5:      layout_rooms, lightli_temple_of_fire, general_overflow_altar,
          mainiacjoe_overflow_boulevard, uniq_ijyb, uniq_edmund
D:6:      layout_rooms, st_stairs_3, uniq_jeremiah, uniq_sigmund
D:7:      layout_basic, fedhas_altar_1, minmay_temple_entry_glassed_door,
          serial_shops, shop
D:8:      layout_cave_pools, serial_shops, shop

Skill      XL: |  1  2 |
---------------+-------+-----
Fighting       | 3 |  3.3
Short Blades   | |  3.2
Dodging        | |  4.7

Action                     || total
---------------------------++-------
  Melee: Short sword       ||    83
 Armour: Robe              ||    33
  Dodge: Dodged            ||    87

Table legend: (Time is in decaauts)
 A = Elapsed time spent in this place.
 B = Non-inter-level travel time spent in this place.
 C = Inter-level travel time spent in this place.
 D = Time resting spent in this place.
 E = Time spent auto-exploring this place.
 F = Levels seen in this place.
 G = Mean time per level.
                   A        B        C        D        E       F      G
               +--------+--------+--------+--------+--------+-----+--------+
         Total |    702 |    702 |      0 |     66 |    292 |   8 |   87.8 |
       Dungeon |    702 |    702 |      0 |     66 |    292 |   8 |   87.8 |
               +--------+--------+--------+--------+--------+-----+--------+

Top non-repeatable levels by time:
     D:4: 271 daAuts
     D:6: 127 daAuts
     D:1: 108 daAuts
     D:3: 79 daAuts
     D:7: 52 daAuts
     D:5: 37 daAuts
     D:2: 19 daAuts
     D:8: 7 daAuts
